Map: Abyssal Reef LE

Players

Musumeci

  • Race: Zerg Zerg
  • League: Diamond
  • Spawn Location: 5:00

FedereRodger - Winner!

  • Race: Zerg Zerg
  • League: Diamond
  • Spawn Location: 11:00

VOD

Have the link to the VOD?

Description

Time

  • Played on: Feb. 15, 2017, 4:40 a.m.
  • Length: 4:02
Show
View Real Time Build Order
Export as new Build Order

Musumeci Zerg 

Build Orders: Hatch First 

Get SALT Encoding   

  12  0:00  Drone  
  13  0:10  Drone  
  14  0:35  Hatchery  
  13  0:45  Drone  
  14  0:51  Drone, Extractor  
  15  1:01  Spawning Pool  
  14  1:05  Extractor  
  14  1:06  Drone  
  14  1:20  Drone, Extractor  
  14  1:21  Overlord  
  15  1:48  Queen x2  
  15  1:54  Drone  
  20  2:03  Drone  
  20  2:08  Zergling x2  
  22  2:11  Metabolic Boost  
  22  2:20  Drone x2  
  24  2:54  Zergling x8  
  26  3:06  Queen  
  26  3:12  Evolution Chamber, Baneling Nest  
  26  3:17  Overlord  
  26  3:18  Overlord  
  22  3:39  Zergling x4  
  22  3:40  Zergling x12  
Show
View Real Time Build Order
Export as new Build Order

FedereRodger Zerg - Winner!

Build Orders: Hatch First 

Get SALT Encoding   

  12  0:00  Drone  
  13  0:12  Overlord  
  13  0:17  Drone  
  14  0:31  Drone x2  
  16  0:52  Hatchery  
  16  0:53  Drone  
  16  0:58  Extractor  
  16  0:59  Drone  
  16  1:15  Spawning Pool  
  16  1:18  Drone  
  16  1:20  Drone  
  16  1:25  Drone  
  18  1:29  Drone  
  19  1:44  Overlord  
  19  2:02  Queen, Metabolic Boost  
  19  2:05  Zergling x4  
  19  2:07  Zergling x2  
  24  2:11  Zergling x2  
  25  2:22  Baneling Nest  
  24  2:23  Zergling x4  
  26  2:30  Zergling x2  
  26  2:33  Zergling x2  
  26  2:36  Overlord  
  28  2:46  Zergling x2  
  28  2:58  Zergling x6  
  31  3:05  Zergling x2  
  31  3:12  Zergling x8  
  35  3:18  Baneling  
  35  3:19  Baneling x3  
  35  3:21  Zergling x2  
  36  3:32  Zergling x6  
Tags
 
Add a new tag
Caveats
  • Supply blocks, unpowered buildings, or Contaminate may cause inaccurate times.
  • Supply counts are checked every 10 seconds.